 Dungeon Crawl Stone Soup version 0.30.1-11-g7821555f0a (webtiles) character file.

Game seed: 7977465371248422177

75 monsoonserge the Caller (level 4, -4/18 HPs)
             Began as a Felid Summoner on Oct 30, 2023.
             Killed from afar by an orc wizard (10 damage)
             ... with a puff of flame
             ... on level 3 of the Dungeon.
             The game lasted 00:08:59 (2052 turns).

monsoonserge the Caller (Felid Summoner)            Turns: 2052, Time: 00:08:59

Health: -4/18      AC:  1    Str: 10    XL:     4   Next: 11%
Magic:  3/8        EV: 18    Int: 18    God:
Gold:   58         SH:  0    Dex: 16    Spells: 5/8 levels left
                                        Lives:  0   Deaths: 1

rFire   . .          .
                       - Unarmed
rCold   . . .        (shield unavailable)
rNeg    . . .        (body armour unavailable)
rPois   .            (helmet unavailable)
rElec   .            (cloak unavailable)
rCorr   .            (gloves unavailable)
SInv    +            (boots unavailable)
Will    .....        (no amulet)
Stlth   ++           d - +6 ring of strength
HPRegen 0.23/turn    (no ring)
MPRegen 0.11/turn

%: no passive effects
@: quick
A: very small, claws 1, fangs 3, see invisible, speed 1, shaggy fur 1, stealthy
paws, no weapons or thrown items, no armour, multi-lived
a: no special abilities


You were on level 3 of the Dungeon.
You visited 1 branch of the dungeon, and saw 3 of its levels.

You collected 58 gold pieces.

Inventory:

Jewellery
 d - a +6 ring of strength (left paw)
Wands
 m - a wand of polymorph (7)
Scrolls
 e - a scroll of blinking {unknown}
 f - 2 scrolls of enchant weapon {unknown}
 g - a scroll of silence {unknown}
 h - a scroll of fog {unknown}
 i - a scroll of amnesia {unknown}
 k - 2 scrolls of identify {unknown}
Potions
 a - 2 potions of magic
 b - a potion of attraction {unknown}
 c - a potion of mutation {unknown}
 j - a potion of haste
 l - a potion of might {unknown}


   Skills:
 + Level 0.5 Fighting
 + Level 3.2 Dodging
 - Level 3.0 Stealth
 * Level 2.3 Unarmed Combat
 + Level 2.6 Spellcasting
 + Level 4.8 Summonings


You had 5 spell levels left.
You knew the following spells:

 Your Spells              Type           Power      Damage    Failure   Level
a - Summon Small Mammal   Summ           76%        N/A       2%          1
b - Call Imp              Summ           38%        N/A       3%          2

Your spell library contained the following spells:

 Spells                   Type           Power      Damage    Failure   Level
 Call Canine Familiar     Summ           19%        N/A       7%          3
 Summon Guardian Golem    Hex/Summ       11%        N/A       19%         3
 Summon Lightning Spire   Summ/Air       11%        N/A       52%         4


Dungeon Overview and Level Annotations

Branches:
Dungeon (3/15)

Altars:


Innate Abilities, Weirdness & Mutations

You have sharp claws.
You have razor-sharp teeth.
You have supernaturally acute eyesight. (SInv)
You cover ground quickly. (Speed+)
You are covered in fur. (AC +1)
Your paws help you pounce on unaware monsters.
You are incapable of wielding weapons or throwing items.
You cannot wear armour.
You gain extra lives every three experience levels.


Message History

Your rat misses the adder. You barely miss the adder.
The adder is moderately wounded.
The adder bites you.
You are poisoned.
The adder poisons you! The orc hits you with a +0 hand axe.
The orc wizard gestures wildly while chanting.
The orc wizard flickers and vanishes for a moment.
The adder closely misses you.
Your rat completely misses the adder.
You swap places.
You feel sick.
Your quokka barely misses the adder.
The orc wizard casts a spell at you. You resist with some effort.
The adder bites your quokka. The orc barely misses your quokka.
Unknown command.
You scratch the orc wizard.
The orc wizard is moderately wounded.
You feel sick.
Your quokka bites the adder.
Your rat misses the adder. The adder closely misses your quokka.
Your quokka bites the adder.
The orc hits your quokka with a +0 dagger.
Your quokka dies!
Your quokka's corpse disappears in a puff of smoke!
The orc wizard closely misses you.
You barely miss the orc wizard.
The orc wizard is moderately wounded.
You feel sick.
Your rat barely misses the adder.
Casting: Summon Small Mammal (safe; 2% risk of failure)
Confirm with . or Enter, or press ? or * to list all spells.
A tiny devil pulls itself out of the air.
You feel sick.
You are no longer poisoned.
The orc wizard misses you.
Unknown command.
Casting: Call Imp (safe; 3% risk of failure)
Confirm with . or Enter, or press ? or * to list all spells.
The orc completely misses you.
The orc hits your quokka with a +0 hand axe.
The orc wizard gestures at you while chanting.
The puff of flame hits you!
Ouch! That really hurt!
You die...

### ## ## ... .. .
... . #. #. #.#.#
## .###.##.#.# #
... .......S5.# .#
#.###.##§#o# #..
........oo@# ..
#.#.##.#.#r#.#
#....†...#...#
#.#..)...#.##.
#......#.#.... #
#...#..).....##...
#.#.#.#.##.#.##..#
.. #.............
# #
#.#.##.###.##..#


You could see an orc wizard (invisible), an adder (ally target), 2 orcs, a
friendly cerulean imp (summoned) and a friendly quokka (summoned).

Vanquished Creatures
  An adder (D:2)
  3 dart slugs
  2 ball pythons (D:1)
  7 bats
  5 endoplasms
  A giant cockroach (D:1)
  3 hobgoblins
  3 jackals (D:2)
  3 kobolds
  2 quokkas
  6 goblins
  3 rats
39 creatures vanquished.

Vanquished Creatures (collateral kills)
  Robin (D:3)
  3 adders
  An endoplasm (D:3)
  7 goblins
  4 hobgoblins
  2 kobolds (D:2)
  2 quokkas
  2 ball pythons
  2 rats
24 creatures vanquished.

Grand Total: 63 creatures vanquished

Notes
Turn   | Place    | Note
-------+----------+-------------------------------------------
     0 | D:1      | monsoonserge the Felid Summoner began the quest for the
                  | Orb.
     0 | D:1      | Reached XP level 1. HP: 7/7 MP: 4/4
   234 | D:1      | Reached XP level 2. HP: 6/11 MP: 6/6
   238 | D:1      | Learned a level 2 spell: Call Imp
   872 | D:2      | Reached skill level 1 in Unarmed Combat
   872 | D:2      | Reached XP level 3. HP: 8/14 MP: 2/7
  1444 | D:2      | Reached XP level 4. HP: 16/18 MP: 8/8
  1866 | D:3      | Noticed Robin
  1904 | D:3      | Slain by a hobgoblin
  1905 | D:3      | Reached XP level 3. HP: 0/15 MP: 5/7
  1929 | D:3      | Killed Robin
  2013 | D:3      | Reached XP level 4. HP: 18/18 MP: 3/8
  2052 | D:3      | Killed from afar by an orc wizard

Illustrated notes

Levels and vault maps discovered:
D:1:      minmay_arrival_cross, layout_basic
D:2:      layout_basic
D:3:      minmay_wonky_spiral, layout_basic, lemuel_doored_altar,
          gammafunk_temple_overflow_wave, minmay_diced_spiral, uniq_ijyb,
          uniq_robin, uniq_natasha

Skill      XL: |  1  2  3  4 |
---------------+-------------+-----
Stealth        | 3 |  3.0
Unarmed Combat | 1 2 |  2.3
Dodging        | 3 |  3.2
Fighting       | |  0.5
Spellcasting   | |  2.6
Summonings     | |  4.8

Action                     |  1- 3 |  4- 6 || total
---------------------------+-------+-------++-------
  Melee: Unarmed           |   111 |    45 ||   156
         Bite              |     7 |     6 ||    13
         Punch             |     1 |     1 ||     2
   Cast: Summon Small Mamm |    11 |     8 ||    19
         Call Imp          |     8 |     4 ||    12
   Stab: Sleeping          |     4 |     1 ||     5
 Armour: Skin              |     5 |     2 ||     7
  Dodge: Dodged            |    94 |    44 ||   138
